 Dungeon Crawl Stone Soup version 0.28.0-47-ge53b351184 (webtiles) character file.

Game seed: 13119556095485510966

4092 RatsInWalls the Cleaver (level 10, -1/53 HPs)
             Began as a Vine Stalker Gladiator on May 8, 2022.
             Was a Believer of Zin.
             Slain by Harold
             ... wielding a +0 dire flail
              (11 damage)
             ... on level 8 of the Dungeon.
             The game lasted 00:19:26 (7284 turns).

RatsInWalls the Cleaver (Vine Stalker Gladiator)    Turns: 7284, Time: 00:19:27

Health: -1/53      AC: 14    Str: 22    XL:     10   Next: 26%
Magic:  0/24       EV:  8    Int:  8    God:    Zin [**....]
Gold:   257        SH:  5    Dex: 15    Spells: 9/9 levels left

rFire   + . .      SeeInvis .   a - +0 war axe
rCold   . . .      Faith    .   (no shield)
rNeg    . . .      Spirit   +   b - +0 plate armour
rPois   .          Reflect  +   c - +0 helmet
rElec   .          Harm     .   (no cloak)
rCorr   .          Rampage  .   h - +0 pair of gloves
Will    +....                   (no boots)
Stlth   ..........              x - amulet of reflection
HPRegen 0.97/turn               m - ring of protection from fire
MPRegen 0.19/turn               r - ring of magical power

@: no status effects
A: fangs 3, regeneration 1, magic shield, antimagic bite, no potion heal 2
a: Renounce Religion, Recite, Vitalisation, Donate Gold


You were on level 8 of the Dungeon.
You worshipped Zin.
Zin was pleased with you.
You visited 2 branches of the dungeon, and saw 9 of its levels.

You collected 285 gold pieces.
You donated 28 gold pieces to Zin.

Inventory:

Hand Weapons
 a - a +0 war axe (weapon)
Armour
 b - a +0 plate armour (worn)
 c - a +0 helmet (worn)
 h - a +0 pair of gloves (worn)
 l - +0 acid dragon scales
 p - a +0 troll leather armour
Jewellery
 f - a +6 ring of intelligence
 m - a ring of protection from fire (left hand)
 r - a ring of magical power (right hand)
 x - an amulet of reflection (around neck)
Wands
 d - a wand of iceblast (10)
 e - a wand of flame (30)
Scrolls
 i - a scroll of amnesia {unknown}
 j - 2 scrolls of enchant weapon {unknown}
 k - 3 scrolls of enchant armour {unknown}
 n - a scroll of magic mapping {unknown}
 q - 2 scrolls of fog
 s - a scroll of silence
 w - 3 scrolls of vulnerability {unknown}
Potions
 g - 2 potions of attraction
 o - a potion of mutation
 u - a potion of resistance
 v - 3 potions of curing


   Skills:
 + Level 5.9 Fighting
 * Level 8.6 Axes
 - Level 1.7 Throwing
 + Level 4.9 Armour
 - Level 3.7 Dodging
 * Level 6.6 Invocations


You had 9 spell levels left.
You didn't know any spells.
Your spell library contained the following spells:

 Spells                   Type           Power      Damage    Failure   Level
 Foxfire                  Conj/Fire      0%         2x1d4     100%        1
 Magic Dart               Conj           0%         1d3       100%        1
 Searing Ray              Conj           0%         2d4       100%        2
 Conjure Flame            Conj/Fire      0%         6-21      100%        3
 Inner Flame              Hex/Fire       0%         N/A       100%        3
 Flame Wave               Conj/Fire      0%         2d4       100%        4
 Fulminant Prism          Conj/Hex       0%         3d6       100%        4


Dungeon Overview and Level Annotations

Branches:
Dungeon (8/15)             Temple (1/1) D:6
   Lair: D:8-11

Altars:
Dithmenos
Fedhas
Kikubaaqudgha
Okawaru
Sif Muna
Trog
Uskayaw
Zin
The Shining One
Jiyva

Annotations:
D:8 Grum, Harold


Innate Abilities, Weirdness & Mutations

You have razor-sharp teeth.
Your natural rate of healing is unusually fast.
When hurt, damage is shared between your health and your magic reserves.
Your bite disrupts and absorbs the magic of your enemies.
Potions cannot restore your health.


Message History

You shred the net and break free! Harold fires a harpoon shot at you.
The harpoon shot hits you.
You are yanked forward by the harpoon shot.
You hit Harold. You bite Harold!
Harold's magic leaks into the air.
You drain his magic.
Harold is lightly wounded.
Harold's magic is no longer disrupted.
You block Harold's attack.
You barely miss Harold. Your bite misses Harold.
Harold is lightly wounded.
Harold hits you with a +0 dire flail.
You hit Harold but do no damage. You bite Harold, but do no damage.
Harold is lightly wounded.
Harold hits you with a +0 dire flail!
You slash Harold! You bite Harold.
Harold's magic leaks into the air.
You drain his magic.
You feel invigorated.
Harold is moderately wounded.
Harold hits you with a +0 dire flail!! You block Harold's attack.
You hit Harold but do no damage. You bite Harold!
Harold's magic leaks into the air.
You drain his magic.
You feel invigorated.
Harold is heavily wounded.
Harold falters for a moment.
You hit Harold but do no damage. You bite Harold, but do no damage.
Harold is heavily wounded.
Harold hits you with a +0 dire flail!!
You are not zealous enough to affect this audience!
You slash Harold! Your bite misses Harold.
Harold is heavily wounded.
Harold hits you with a +0 dire flail!
You slash Harold!
Harold is severely wounded.
Harold hits you with a +0 dire flail!
* * * LOW HITPOINT WARNING * * *
Unknown command.
Okay, then.
Okay, then.
You hit Harold. Your bite misses Harold.
Harold is severely wounded.
Harold hits you with a +0 dire flail!!
You die...

#.........
#.........#
#.........#
#.........#
#.........#
#..$......#
#.........#..
#............
#<...@@......
#....#####..####
#..... .#
#....## ..
###### #. #


You could see Harold (magic disrupted).

Vanquished Creatures
  Maggie (D:7)
  A kobold demonologist (D:7)
  A troll (D:7)
  Sigmund (D:6)
  A shadow (D:7)
  2 wyverns (D:7)
  A steam dragon (D:7)
  2 water moccasins (D:7)
  An orc warrior (D:7)
  2 sky beasts
  A necrophage (D:4)
  An ogre (D:3)
  3 wolves (D:7)
  A phantom (D:5)
  A centaur (D:7)
  A kobold brigand (D:7)
  A bullfrog (D:7)
  2 scorpions (D:4)
  5 killer bees (D:7)
  2 wights (D:7)
  5 howler monkeys (D:7)
  A bullfrog zombie (D:7)
  2 centaur zombies (D:7)
  A hound (D:5)
  4 jellies
  3 orc priests
  2 bullfrog skeletons
  A centaur skeleton (D:7)
  3 iguanas
  3 orc wizards
  A hound zombie (D:5)
  4 gnolls
  7 adders
  A shadow imp (D:7)
  2 white imps
  An ufetubus (D:5)
  A worm (D:3)
  3 dart slugs
  14 orcs
  4 endoplasms
  4 giant cockroaches
  6 goblins
  7 hobgoblins
  2 jackals (D:1)
  2 quokkas
  4 ball pythons
  A bat (D:2)
  5 frilled lizards
  10 kobolds
  A quokka skeleton (D:4)
  4 rats
140 creatures vanquished.

Notes
Turn   | Place    | Note
-------+----------+-------------------------------------------
     0 | D:1      | RatsInWalls the Vine Stalker Gladiator began the quest for
                  | the Orb.
     0 | D:1      | Reached XP level 1. HP: 11/11 MP: 2/2
   414 | D:1      | Reached XP level 2. HP: 15/15 MP: 3/3
   417 | D:1      | Reached skill level 3 in Axes
  1083 | D:2      | Reached XP level 3. HP: 13/18 MP: 2/4
  1953 | D:3      | Gained mutation: Your natural rate of healing is unusually
                  | fast. [Vine Stalker growth]
  1953 | D:3      | Reached XP level 4. HP: 22/23 MP: 5/5
  1976 | D:2      | Reached skill level 1 in Armour
  2059 | D:3      | Found a faded altar of an unknown god.
  2296 | D:3      | Found a bloodstained altar of Trog.
  2296 | D:3      | Noticed an ogre
  2708 | D:3      | Found a shadowy altar of Dithmenos.
  2747 | D:3      | Reached XP level 5. HP: 9/27 MP: 1/6
  2753 | D:3      | Reached skill level 4 in Axes
  2983 | D:3      | Killed an ogre
  2984 | D:3      | Reached XP level 6. HP: 32/32 MP: 7/7
  3295 | D:4      | Noticed a necrophage
  3303 | D:4      | Killed a necrophage
  3424 | D:4      | Reached XP level 7. HP: 36/36 MP: 8/8
  3453 | D:4      | Reached skill level 5 in Axes
  3729 | D:5      | Entered Level 5 of the Dungeon
  4079 | D:5      | Found a hide-covered altar of Uskayaw.
  4261 | D:5      | Gained mutation: You have razor-sharp teeth. [Vine Stalker
                  | growth]
  4261 | D:5      | Reached XP level 8. HP: 40/42 MP: 9/9
  4494 | D:6      | Identified the +1 leather armour of Boiling Hail {Int+6}
  4540 | D:6      | Found a staircase to the Ecumenical Temple.
  4549 | Temple   | Entered the Ecumenical Temple
  4670 | Temple   | Became a worshipper of Zin the Law-Giver
  4670 | Temple   | Reached * piety under Zin
  4687 | D:6      | Noticed Sigmund
  4709 | D:6      | Killed Sigmund
  4710 | D:6      | Reached skill level 6 in Axes
  4710 | D:6      | Reached skill level 1 in Invocations
  4813 | D:6      | Identified the +1 robe of Xom's Hatred {Drain Will+ Regen+
                  | rCorr}
  5275 | D:7      | Noticed a wyvern
  5300 | D:7      | Killed a wyvern
  5409 | D:7      | Noticed Maggie
  5411 | D:7      | Noticed a wyvern
  5734 | D:7      | Killed Maggie
  5735 | D:7      | Reached skill level 7 in Axes
  5735 | D:7      | Reached XP level 9. HP: 34/46 MP: 12/12
  5906 | D:7      | Noticed a troll
  5917 | D:7      | Killed a troll
  5918 | D:7      | Reached skill level 5 in Fighting
  6361 | D:7      | Identified the +4 ring mail "Cemixiam" {Regen+}
  6417 | D:7      | Reached skill level 5 in Invocations
  6421 | D:7      | Noticed a kobold demonologist
  6426 | D:7      | Killed a kobold demonologist
  6429 | D:7      | Reached skill level 8 in Axes
  6432 | D:7      | Reached ** piety under Zin
  6518 | D:7      | Reached XP level 10. HP: 51/53 MP: 15/15
  7042 | D:8      | Noticed Grum
  7271 | D:8      | Noticed Harold
  7284 | D:8      | Slain by Harold

Illustrated notes

Levels and vault maps discovered:
D:1:      tarquinn_simple_flora_water_c, layout_basic
D:2:      layout_loops_ring
D:3:      layout_loops_cross, gammafunk_temple_overflow_pools,
          nicolae_ecumenical_oubliette
D:4:      layout_loops_cross
D:5:      layout_gridville, mainiacjoe_overflow_catwalk
D:6:      layout_basic, minmay_temple_entry_stoned_glass,
          minmay_misc_feat_diagonals, uniq_sigmund
D:7:      kennysheep_windowed_halls, layout_basic, uniq_maggie
D:8:      minmay_tri_box, layout_rooms, gammafunk_temple_overflow_statue,
          uniq_grum, uniq_harold
Temple:   pf_slime_end_temple

Skill      XL: |  1  2  3  4  5  6  7  8  9 |
---------------+----------------------------+-----
Fighting       | 2 3 4 5 |  5.9
Axes           | 3 4 5 7 8 |  8.6
Armour         | 1 2 3 4 |  4.9
Dodging        | 3 |  3.7
Invocations    | 3 6 |  6.6
Throwing       | |  1.7

Action                   |  1- 3 |  4- 6 |  7- 9 | 10-12 || total
-------------------------+-------+-------+-------+-------++-------
Melee: War axe           |    69 |    93 |   233 |    69 ||   464
       Bite              |    15 |    23 |    76 |    18 ||   132
       Punch             |       |     2 |     1 |       ||     3
Throw: Throwing net      |       |     4 |     2 |       ||     6
Invok: Recite            |       |       |     1 |       ||     1
Evoke: Wand              |       |       |     5 |       ||     5
  Use: Scroll            |     3 |     2 |     6 |       ||    11
       Potion            |       |       |     1 |       ||     1
 Stab: Sleeping          |     2 |       |       |       ||     2
       Held in net/web   |       |     1 |       |       ||     1
Armor: Leather armour    |    30 |     5 |       |       ||    35
       Ring mail         |       |    27 |    43 |       ||    70
       Plate armour      |       |       |    29 |    66 ||    95
       Acid dragon scale |       |       |    25 |       ||    25
Dodge: Dodged            |    39 |    68 |   160 |    33 ||   300
Block: Other             |       |       |     5 |    33 ||    38
